 Dungeon Crawl Stone Soup version 0.19-a0-1743-g6dcb786 (webtiles) character file.

21 qqqbard the Magician (level 2, -1/13 HPs)
             Began as a Vine Stalker Wizard on Oct 1, 2016.
             Slain by a goblin
             ... wielding a +0 dagger
              (3 damage)
             ... on level 1 of the Dungeon.
             The game lasted 00:01:51 (665 turns).

qqqbard the Magician (Vine Stalker Wizard)           Turns: 665, Time: 00:01:52

Health: -1/13      AC:  2    Str:  9    XL:     2   Next: 83%
Magic:  0/7        EV: 12    Int: 18    God:
Gold:   36         SH:  0    Dex: 12    Spells: 1 memorised, 7 levels left

rFire  . . .     SeeInvis .     (no weapon)
rCold  . . .     Gourm    .     a - +0 robe
rNeg   . . .     Faith    .     (no shield)
rPois  .         Spirit   +     b - +0 hat
rElec  .         Dismiss  .     (no cloak)
rCorr  .         Reflect  .     (no gloves)
MR     .....     Harm     .     (no boots)
Stlth  ++........               (no amulet)
                                (no ring)
                                (no ring)

@: very slightly contaminated
A: fangs 2, magic shield, antimagic bite, no device heal 3, rot immunity
a: no special abilities


You were on level 1 of the Dungeon.
You were not hungry.

You visited 1 branch of the dungeon, and saw 1 of its levels.

You collected 36 gold pieces.

Inventory:

Armour
 a - a +0 robe (worn)
 b - a +0 hat (worn)
Jewellery
 l - a +3 ring of protection {unknown}
Scrolls
 g - a scroll of identify {unknown}
 i - a scroll of blinking {unknown}
 j - a scroll of enchant weapon {unknown}
 k - a scroll of enchant armour {unknown}
 m - 2 scrolls of remove curse {unknown}
Potions
 e - 2 potions of curing {unknown}
 h - a potion of lignification {unknown}
Books
 c - a book of Minor Magic

   Spells                             Type                      Level
   a - Magic Dart                     Conjuration                  1
   b - Blink                          Translocation                2
   c - Call Imp                       Summoning                    2
   d - Repel Missiles                 Charms/Air                   2
   e - Slow                           Hexes                        2
   f - Conjure Flame                  Conjuration/Fire             3
   g - Mephitic Cloud                 Conjuration/Poison/Air       3
Comestibles
 d - a bread ration
 f - a slice of pizza
 n - 2 chunks of flesh


   Skills:
 - Level 1.5 Dodging
 + Level 2.7 Stealth
 + Level 3.6 Spellcasting
 * Level 2.0 Conjurations
   Level 1.0 Summonings
   Level 1.0 Translocations


You had 7 spell levels left.
You knew the following spells:

 Your Spells              Type           Power        Failure   Level  Hunger
a - Magic Dart            Conj           ##..         10%         1    None


Dungeon Overview and Level Annotations

Branches:
Dungeon (1/15)

Altars:


Innate Abilities, Weirdness & Mutations

You have extremely sharp teeth.
When hurt, damage is shared between your health and your magic reserves.
Your bite disrupts and absorbs the magic of your enemies.
Potions and wands cannot restore your health.
You are immune to rotting.


Message History

The magic dart hits the jackal.
The jackal is almost dead.
The jackal barely misses you.
Casting: Magic Dart
Confirm with . or Enter, or press ? or * to list all spells.
Aiming: Magic Dart
Press: ? - help, Shift-Dir - straight line, f/p - jackal
Aim: a jackal (almost dead)
The magic dart hits the jackal.
You kill the jackal!
Your Conjurations skill increases to level 2!
Casting: Magic Dart
Confirm with . or Enter, or press ? or * to list all spells.
Aiming: Magic Dart
Press: ? - help, Shift-Dir - straight line, f - goblin
Aim: a goblin, wielding a dagger The magic dart hits the goblin.
The goblin is moderately wounded.
The goblin hits you with a dagger.
You die...

# #.......#.# #.###..(..#.###
###.........#####.............##
.........).....##.###.####.....#
###........###....# #.#........#
#........# #....# #.#.##....(#
#......###.###..###.#.###...##
######...# .. #...##.#.# ##.##
..# #.### #.###..#.#.# #.# #.#
#.# #gg@.....#.# ##.## #.####.###
#.###.##.#.# #...# .........# .)
#...##.#.# #...#
#.####...###.###.#......###...###
### #.....# #...#.##.##.........
#.###.###..##.##.##.......>. #.#
#.........##.##......... #.#
######.......#####..รท### #.#
####.#### #...#


You could see 2 goblins.

Vanquished Creatures
  A dart slug (D:1)
  A giant cockroach (D:1)
  2 goblins (D:1)
  5 hobgoblins (D:1)
  A jackal (D:1)
  A kobold (D:1)
  2 bats (D:1)
  3 frilled lizards (D:1)
  2 rats (D:1)
18 creatures vanquished.

Notes
Turn   | Place    | Note
-------+----------+-------------------------------------------
     0 | D:1      | qqqbard the Vine Stalker Wizard began the quest for the Orb.
     0 | D:1      | Reached XP level 1. HP: 9/9 MP: 5/5
   228 | D:1      | Reached XP level 2. HP: 13/13 MP: 1/7
   665 | D:1      | Slain by a goblin

Vault maps used:
D:1:      dpeg_arrival_fog, minmay_quantized

Skill      XL: |  1  2 |
---------------+-------+-----
Conjurations   | 2 |  2.0
Dodging        | |  1.5
Stealth        | |  2.7
Spellcasting   | |  3.6
Summonings     | |  1.0
Translocations | |  1.0

Action                   || total
-------------------------++-------
Melee: Unarmed           ||    35
       Bite              ||     3
 Cast: Magic Dart        ||    36
Armor: Robe              ||    13
Dodge: Dodged            ||    22
